 Dungeon Crawl Stone Soup version 0.28-a0-768-g8c92f1e708 (webtiles) character file.

Game seed: 10665793045371402492

1710 BlueGoblin the Chopper (level 9, -4/85 HPs)
             Began as a Naga Fighter on Oct 31, 2021.
             Slain by an orc warrior (5 damage)
             ... on level 6 of the Dungeon.
             The game lasted 00:10:00 (5108 turns).

BlueGoblin the Chopper (Naga Fighter)               Turns: 5108, Time: 00:10:01

Health: -4/85      AC: 11    Str: 22    XL:     9   Next: 3%
Magic:  9/9        EV:  8    Int: 12    God:
Gold:   328        SH:  0    Dex: 11    Spells: 8/8 levels left

rFire   . . .      SeeInvis +   a - +1 war axe (flame)
rCold   . . .      Faith    .   c - +0 buckler
rNeg    + . .      Spirit   .   r - +0 scale mail {rN+}
rPois   +          Reflect  +   (no helmet)
rElec   .          Harm     .   n - +1 cloak
rCorr   .          Rampage  .   m - +1 pair of gloves
Will    +....                   (no barding)
Stlth   ..........              f - amulet of reflection
HPRegen 0.24/turn               (no ring)
MPRegen 0.11/turn               (no ring)

@: confused, ambrosia-drunk, very slow
A: AC +3, large, see invisible, deformed body, poison resistance, slowness 2,
spit poison 1, naga tail 1, stinger 1, clever 2
a: Spit Poison


You were on level 6 of the Dungeon.
You visited 1 branch of the dungeon, and saw 6 of its levels.

You collected 328 gold pieces.

Inventory:

Hand Weapons
 a - a +1 war axe of flaming (weapon)
Missiles
 b - 40 sling bullets
 l - 20 bolts
 o - 87 stones
 p - 18 poisoned darts
 q - 2 javelins
 s - 3 boomerangs
 D - a throwing net
Armour
 c - a +0 buckler (worn)
 m - a +1 pair of gloves (worn)
 n - a +1 cloak (worn)
 r - a +0 scale mail of positive energy (worn)
Jewellery
 f - an amulet of reflection (around neck)
 i - a ring of ice
Wands
 w - a wand of acid (6)
Scrolls
 e - 3 scrolls of immolation
 h - 3 scrolls of teleportation
 u - 2 scrolls of fog
 x - a scroll of enchant weapon
 y - 2 scrolls of identify
 z - a scroll of enchant armour {unknown}
 A - a scroll of holy word {unknown}
 E - a scroll of fear {unknown}
 F - a scroll of magic mapping {unknown}
Potions
 d - 5 potions of might
 g - 2 potions of lignification {unknown}
 j - a potion of attraction {unknown}
 k - a potion of haste
 v - a potion of brilliance {unknown}
 B - a potion of curing {unknown}
 C - 2 potions of cancellation {unknown}


   Skills:
 * Level 6.6 Fighting
 + Level 6.8 Axes
 + Level 4.8 Armour
 + Level 1.6 Dodging
 + Level 4.1 Shields


You had 8 spell levels left.
You didn't know any spells.
Your spell library contained the following spells:

 Spells                   Type           Power      Damage    Failure   Level
 Blink                    Tloc           0%         N/A       77%         2
 Sublimation of Blood     Necr           0%         N/A       77%         2
 Wereblood                Tmut           0%         N/A       77%         2
 Call Canine Familiar     Summ           0%         N/A       94%         3
 Conjure Flame            Conj/Fire      0%         6-21      94%         3
 Ignite Poison            Fire/Tmut/Pois 0%         N/A       94%         3
 Lesser Beckoning         Tloc           0%         N/A       94%         3
 Portal Projectile        Hex/Tloc       0%         N/A       94%         3
 Leda's Liquefaction      Hex/Erth       0%         N/A       100%        4
 Sticky Flame             Conj/Fire      0%         2d3       100%        4
 Manifold Assault         Tloc           0%         N/A       100%        5
 Summon Hydra             Summ           0%         N/A       100%        7


Dungeon Overview and Level Annotations

Branches:
Dungeon (6/15)             Temple (0/1) D:6

Altars:
Ashenzari
Okawaru
Xom

Shops:
D:4 !


Innate Abilities, Weirdness & Mutations

Your serpentine skin is tough. (AC +3)
You have supernaturally acute eyesight. (SInv)
Armour fits poorly on your strangely shaped body.
Your system is resistant to poisons. (rPois)
You cover ground very slowly.
You can spit poison.
You have a snake-like lower body.
Your tail ends in a poisonous barb.
Your mind is very acute. (Int +4)


Message History

The arrow hits you.
The orc warrior hits you from afar with a +0 glaive!
The centaur shoots an arrow.
The arrow hits you but does no damage.
The orc warrior looks more healthy.
You block the orc warrior's attack.
The centaur shoots an arrow.
The arrow hits you but does no damage.
The orc warrior hits you with a +0 glaive!!
The centaur unwields a +0 shortbow.
The centaur barely misses you. You block the centaur's attack.
The orc warrior hits you with a +0 glaive.
The centaur hits you but does no damage.
The centaur kicks you but does no damage.
Things that are here:
a +0 whip; an orc corpse You closely miss the centaur.
You hit the orc warrior. You burn the orc warrior.
The centaur hits you but does no damage.
You block the centaur's attack. You block the orc warrior's attack.
You barely miss the centaur. You closely miss the orc warrior.
The centaur closely misses you. x2
The orc warrior hits you with a +0 glaive!
* * * LOW HITPOINT WARNING * * *
You block the centaur's attack. The centaur misses you.
You are confused.
You feel invigorated.
The centaur hits you but does no damage.
The centaur kicks you but does no damage.
The orc warrior hits you with a +0 glaive!
* * * LOW HITPOINT WARNING * * *
The centaur hits you but does no damage.
The centaur barely misses you.
You're too confused to move!
The orc warrior hits you with a +0 glaive!
* * * LOW HITPOINT WARNING * * *
The centaur closely misses you.
The centaur kicks you but does no damage.
The centaur wields a +0 shortbow.
The centaur shoots an arrow.
The arrow hits you!
* * * LOW HITPOINT WARNING * * *
The orc warrior hits you with a +0 glaive.
You die...

....#.....##..#............#
..>.########..#...##...##..#
....#.........+...##...##..#
....#.....##..##..##...#...#
>...'.....##..##..##...#...#
....#.....##...........#...#
....########......##...##..#
....#.....).).....##...#
....#.....#.....@..'....
....############)o.#.....
............ #c### '##
................o...# .
####................#
#........$.......#
########.........#
#####.....# #.....#


You could see an orc warrior, a centaur and an orc wizard (invisible).

Vanquished Creatures
  An orc warrior (D:4)
  2 sky beasts
  A necrophage (D:5)
  A black bear (D:6)
  3 ogres
  2 centaurs
  A phantom (D:5)
  A bullfrog (D:6)
  3 scorpions
  A water moccasin zombie (D:6)
  5 hounds
  An orc priest (D:5)
  A bullfrog skeleton (D:5)
  2 iguanas (D:6)
  An orc wizard (D:5)
  A howler monkey zombie (D:5)
  A howler monkey skeleton (D:5)
  2 adders
  4 gnolls (D:6)
  A shadow imp (D:6)
  A white imp (D:6)
  3 worms
  2 dart slugs
  14 orcs
  9 bats
  7 endoplasms
  A giant cockroach (D:3)
  10 goblins
  6 hobgoblins
  3 jackals (D:3)
  3 kobolds
  4 quokkas
  8 ball pythons
  3 frilled lizards (D:1)
  8 rats
117 creatures vanquished.

Notes
Turn   | Place    | Note
-------+----------+-------------------------------------------
     0 | D:1      | BlueGoblin the Naga Fighter began the quest for the Orb.
     0 | D:1      | Reached XP level 1. HP: 21/21 MP: 1/1
   158 | D:1      | Reached XP level 2. HP: 28/28 MP: 2/2
   336 | D:1      | Reached XP level 3. HP: 34/34 MP: 3/3
   738 | D:1      | Found a faded altar of an unknown god.
  1219 | D:2      | Noticed a scorpion
  1224 | D:2      | Killed a scorpion
  1225 | D:2      | Reached XP level 4. HP: 44/44 MP: 4/4
  1393 | D:2      | Gained mutation: Your mind is acute. (Int +2) [potion of
                  | mutation]
  1393 | D:2      | Gained mutation: Your mind is very acute. (Int +4) [potion
                  | of mutation]
  1393 | D:2      | Gained mutation: Your tail ends in a poisonous barb.
                  | [potion of mutation]
  1485 | D:3      | Reached XP level 5. HP: 47/50 MP: 5/5
  1586 | D:3      | Found a shimmering altar of Xom.
  1589 | D:3      | Found a broken altar of Ashenzari.
  1714 | D:3      | Noticed a centaur
  1884 | D:3      | Killed a centaur
  2065 | D:3      | Reached XP level 6. HP: 57/58 MP: 6/6
  2076 | D:3      | Found an iron altar of Okawaru.
  2335 | D:4      | Found Kalaegoe's Distillery.
  2354 | D:4      | Noticed an orc warrior
  2367 | D:4      | Killed an orc warrior
  2867 | D:4      | Reached XP level 7. HP: 60/66 MP: 7/7
  2979 | D:4      | Reached skill level 5 in Fighting
  3308 | D:5      | Entered Level 5 of the Dungeon
  3343 | D:5      | Reached skill level 5 in Axes
  3475 | D:5      | Reached skill level 1 in Dodging
  3500 | D:5      | Reached XP level 8. HP: 48/75 MP: 8/8
  4912 | D:6      | Found a staircase to the Ecumenical Temple.
  5066 | D:6      | Reached XP level 9. HP: 79/85 MP: 9/9
  5107 | D:6      | HP: 3/85 [orc warrior (9)]
  5108 | D:6      | HP: 1/85 [centaur/arrow (8)]
  5108 | D:6      | Slain by an orc warrior

Illustrated notes

Levels and vault maps discovered:
D:1:      minmay_arrival_shoal_huts, layout_basic,
          hellmonk_ecumenical_altar_inner_sanctum, minmay_fountain_box,
          supply_closet_lemuel
D:2:      layout_rooms
D:3:      layout_basic, okawaru_gym_becter, grunt_temple_overflow_open
D:4:      layout_loops_ring, serial_shops, nicolae_stop_n_shop_2
D:5:      layout_cave_pools
D:6:      layout_gridville, minmay_temple_entry_poolview

Skill      XL: |  1  2  3  4  5  6  7  8 |
---------------+-------------------------+-----
Fighting       | 4 5 6 |  6.6
Armour         | 3 4 |  4.8
Axes           | 3 4 5 6 |  6.8
Shields        | 3 4 |  4.1
Dodging        | 1 |  1.6

Action                   |  1- 3 |  4- 6 |  7- 9 || total
-------------------------+-------+-------+-------++-------
Melee: War axe           |    50 |    69 |   133 ||   252
 Abil: Spit Poison       |    35 |    31 |    33 ||    99
  Use: Scroll            |     3 |     6 |     4 ||    13
       Potion            |       |     1 |     1 ||     2
Armor: Scale mail        |    30 |    43 |    78 ||   151
Dodge: Dodged            |    18 |    23 |    56 ||    97
Block: Buckler           |    11 |    38 |    87 ||   136
       Reflection        |       |     4 |     1 ||     5

Table legend: (Time is in decaauts)
 A = Elapsed time spent in this place.
 B = Non-inter-level travel time spent in this place.
 C = Inter-level travel time spent in this place.
 D = Time resting spent in this place.
 E = Time spent auto-exploring this place.
 F = Levels seen in this place.
 G = Mean time per level.
                   A        B        C        D        E       F      G
               +--------+--------+--------+--------+--------+-----+--------+
         Total |   6379 |   6230 |    149 |    557 |   4690 |   6 | 1063.2 |
       Dungeon |   6379 |   6230 |    149 |    557 |   4690 |   6 | 1063.2 |
               +--------+--------+--------+--------+--------+-----+--------+

Top non-repeatable levels by time:
     D:4: 1247 daAuts
     D:1: 1246 daAuts
     D:3: 1149 daAuts
     D:5: 1120 daAuts
     D:6: 1060 daAuts
     D:2: 555 daAuts
